| TOP OF THE 1ST |
|
University of Minnesota Golden Gophers batting - Pitching for Coastal Carolina University Chanticleers : RHP Johnnie Cowan
|
|
Pitching: RHP Johnnie Cowan
|
|
|
Batting: SHB Chris Rodgers
|
0-0: Ball 1-0: Ball 2-0: SINGLE (Groundball, 3D, EV 101.2 MPH)
|
|
Batting: RHB Roy Evenden
|
0-0: Sac Bunt to 15 - play at first, batter safe! Chris Rodgers to second
|
|
Batting: RHB Tatsuyoshi Ikeda
|
0-0: Foul Ball, location: 2F 0-1: Swinging Strike 0-2: Ball 1-2: Ball 2-2: Ball 3-2: Ground out 6-3 (Groundball, 6S, EV 72.5 MPH) Chris Rodgers to third Roy Evenden to second
|
|
Batting: RHB Jose Garrido
|
0-0: Foul Ball, location: 2F 0-1: Ball 1-1: Ball 2-1: Foul Ball, location: 2F 2-2: Strikes out swinging
|
|
Batting: LHB Bobby Agterberg
|
0-0: SINGLE (Groundball, 5S, EV 71.9 MPH) (infield hit) Chris Rodgers scores Roy Evenden to third
|
|
Batting: RHB Jason Mooris
|
0-0: Ball 1-0: Fielders Choice at 2nd, 5-4 (Groundball, 56, EV 80.0 MPH)
|
| Top of the 1st over - 1 run, 3 hits, 0 errors, 2 left on base; University of Minnesota 1 - Coastal Carolina University 0 |
| BOTTOM OF THE 1ST |
|
Coastal Carolina University Chanticleers batting - Pitching for University of Minnesota Golden Gophers : RHP Danny Colon
|
|
Pitching: RHP Danny Colon
|
|
|
Batting: RHB Dennis Bennett
|
0-0: Fly out, F1 (Popup, P, EV 85.6 MPH)
|
|
Batting: RHB Mark Tart
|
0-0: Ball 1-0: Foul Ball, location: 2F 1-1: Ball 2-1: SINGLE (Line Drive, 4MD, EV 95.0 MPH)
|
|
Batting: RHB Isaac Washington
|
0-0: Called Strike 0-1: Called Strike Mark Tart steals 2nd base (no throw) 0-2: SINGLE (Flyball, 9S, EV 93.8 MPH) Mark Tart to third
|
|
Batting: RHB Alex Montiel
|
0-0: Ball 1-0: Foul Ball, location: 2F 1-1: Fly out, F9 (Flyball, 9S, EV 95.6 MPH) Runner from 3rd tags up, OUT at HOME! 9-2
|
| Bottom of the 1st over - 0 runs, 2 hits, 0 errors, 1 left on base; University of Minnesota 1 - Coastal Carolina University 0 |
| TOP OF THE 2ND |
|
University of Minnesota Golden Gophers batting - Pitching for Coastal Carolina University Chanticleers : RHP Johnnie Cowan
|
|
Batting: LHB Jose Moncada
|
0-0: Called Strike 0-1: Foul Ball, location: 2F 0-2: Strikes out swinging
|
|
Batting: RHB Ron Gooch
|
0-0: Called Strike 0-1: Foul Ball, location: 2F 0-2: Ball 1-2: SINGLE (Groundball, 34D, EV 94.4 MPH)
|
|
Batting: LHB Phil Bonner
|
0-0: Called Strike 0-1: Ball 1-1: Foul Ball, location: 2F 1-2: Foul Ball, location: 2F 1-2: Foul Ball, location: 2F 1-2: Strikes out swinging
|
|
Batting: SHB Chris Rodgers
|
0-0: Called Strike 0-1: Ball 1-1: Ball 2-1: Foul Ball, location: 2F 2-2: Foul Ball, location: 2F 2-2: Foul Ball, location: 2F 2-2: SINGLE (Groundball, 34D, EV 104.4 MPH) Ron Gooch to second Runner from 2nd tries for 3rd, SAFE, throw by RF made to third Chris Rodgers to second
|
|
Batting: RHB Roy Evenden
|
0-0: Called Strike 0-1: SINGLE (Groundball, 6MD, EV 97.5 MPH) Ron Gooch scores Chris Rodgers to third Runner from 3rd tries for Home, throw by CF and OUT! 8-2
|
| Top of the 2nd over - 1 run, 3 hits, 0 errors, 1 left on base; University of Minnesota 2 - Coastal Carolina University 0 |
| BOTTOM OF THE 2ND |
|
Coastal Carolina University Chanticleers batting - Pitching for University of Minnesota Golden Gophers : RHP Danny Colon
|
|
Batting: RHB Johnnie Cowan
|
0-0: Foul Ball, location: 2F 0-1: SINGLE (Groundball, 6MD, EV 98.1 MPH)
|
|
Batting: RHB Oscar Hernandez
|
0-0: Ball 1-0: Ball 2-0: DOUBLE (Line Drive, 9LD, EV 113.1 MPH) Johnnie Cowan to third Runner from 3rd tries for Home, SAFE, throw by RF to trailing runner, SAFE at third!
|
|
Batting: LHB Justin Sanders
|
0-0: Called Strike 0-1: Foul Ball, location: 2F 0-2: Foul Ball, location: 2F 0-2: Reached on error, E5 (Groundball, 56, EV 85.0 MPH) Oscar Hernandez scores
|
|
Batting: RHB Chris McDaniel
|
0-0: Fielders Choice at 2nd, 4-6 (Groundball, 4, EV 78.8 MPH)
|
|
Batting: SHB Iher Waithaka
|
0-0: Ball 1-0: Swinging Strike 1-1: Foul Ball, location: 2F 1-2: Ball 2-2: Strikes out swinging
|
|
Batting: RHB Dennis Bennett
|
0-0: Swinging Strike 0-1: Ball 1-1: Called Strike 1-2: Strikes out swinging
|
| Bottom of the 2nd over - 2 runs, 2 hits, 1 error, 1 left on base; University of Minnesota 2 - Coastal Carolina University 2 |
| TOP OF THE 3RD |
|
University of Minnesota Golden Gophers batting - Pitching for Coastal Carolina University Chanticleers : RHP Johnnie Cowan
|
|
Batting: RHB Tatsuyoshi Ikeda
|
0-0: Called Strike 0-1: Ball 1-1: Foul Ball, location: 2F 1-2: Ball 2-2: Foul Ball, location: 2F 2-2: Strikes out looking
|
|
Batting: RHB Jose Garrido
|
0-0: Called Strike 0-1: Ball 1-1: Foul Ball, location: 2F 1-2: Ball 2-2: Foul Ball, location: 2F 2-2: Foul Ball, location: 2F 2-2: Fly out, F8 (Flyball, 8LM, EV 85.6 MPH)
|
|
Batting: LHB Bobby Agterberg
|
0-0: Called Strike 0-1: Called Strike 0-2: Ball 1-2: Ball 2-2: Strikes out looking
|
| Top of the 3rd over - 0 runs, 0 hits, 0 errors, 0 left on base; University of Minnesota 2 - Coastal Carolina University 2 |
| BOTTOM OF THE 3RD |
|
Coastal Carolina University Chanticleers batting - Pitching for University of Minnesota Golden Gophers : RHP Danny Colon
|
|
Batting: RHB Mark Tart
|
0-0: Foul Ball, location: 2F 0-1: Ball 1-1: Ball 2-1: Swinging Strike 2-2: Ball 3-2: Foul Ball, location: 2F 3-2: Strikes out swinging
|
|
Batting: RHB Isaac Washington
|
0-0: Swinging Strike 0-1: Foul Ball, location: 2F 0-2: Fly out, F8 (Line Drive, 8LM, EV 92.5 MPH)
|
|
Batting: RHB Alex Montiel
|
0-0: Called Strike 0-1: Swinging Strike 0-2: Ball 1-2: Fly out, F9 (Flyball, 9D, EV 98.8 MPH)
|
| Bottom of the 3rd over - 0 runs, 0 hits, 0 errors, 0 left on base; University of Minnesota 2 - Coastal Carolina University 2 |
| TOP OF THE 4TH |
|
University of Minnesota Golden Gophers batting - Pitching for Coastal Carolina University Chanticleers : RHP Johnnie Cowan
|
|
Batting: RHB Jason Mooris
|
0-0: Ball 1-0: Ball 2-0: Foul Ball, location: 2F 2-1: Swinging Strike 2-2: Strikes out swinging, 2-3 out at first.
|
|
Batting: LHB Jose Moncada
|
0-0: Fly out, F7 (Flyball, 78M, EV 87.5 MPH)
|
|
Batting: RHB Ron Gooch
|
0-0: Ball 1-0: Fly out, F8 (Flyball, 8LM, EV 86.9 MPH)
|
| Top of the 4th over - 0 runs, 0 hits, 0 errors, 0 left on base; University of Minnesota 2 - Coastal Carolina University 2 |
| BOTTOM OF THE 4TH |
|
Coastal Carolina University Chanticleers batting - Pitching for University of Minnesota Golden Gophers : RHP Danny Colon
|
|
Batting: RHB Johnnie Cowan
|
0-0: Swinging Strike 0-1: Ball 1-1: SINGLE (Groundball, 6D, EV 101.9 MPH)
|
|
Batting: RHB Oscar Hernandez
|
0-0: Foul Ball, location: 2F 0-1: Called Strike 0-2: Ball 1-2: Foul Ball, location: 2F 1-2: Strikes out swinging
|
|
Batting: LHB Justin Sanders
|
0-0: Ball 1-0: Swinging Strike 1-1: Ball 2-1: Swinging Strike 2-2: Ball 3-2: Base on Balls Johnnie Cowan to second
|
|
Batting: RHB Chris McDaniel
|
0-0: Ball 1-0: Swinging Strike 1-1: SINGLE (Groundball, 15S, EV 70.6 MPH) (infield hit) Johnnie Cowan to third Justin Sanders to second
|
|
Batting: SHB Iher Waithaka
|
0-0: Called Strike 0-1: Swinging Strike 0-2: Strikes out swinging
|
|
Batting: RHB Dennis Bennett
|
0-0: Ball 1-0: Called Strike 1-1: Ball 2-1: Reached on error, E6 (Groundball, 6, EV 93.1 MPH) Johnnie Cowan scores Justin Sanders to third Chris McDaniel to second
|
|
Batting: RHB Mark Tart
|
0-0: Swinging Strike 0-1: Ball 1-1: Called Strike 1-2: Ball Wild Pitch! Justin Sanders scores Chris McDaniel to third Dennis Bennett to second 2-2: SINGLE (Flyball, 4MD, EV 91.2 MPH) Chris McDaniel scores Dennis Bennett to third Runner from 3rd tries for Home, throw by CF and OUT! 8-2
|
| Bottom of the 4th over - 3 runs, 3 hits, 1 error, 1 left on base; University of Minnesota 2 - Coastal Carolina University 5 |
| TOP OF THE 5TH |
|
University of Minnesota Golden Gophers batting - Pitching for Coastal Carolina University Chanticleers : RHP Johnnie Cowan
|
|
Batting: LHB Phil Bonner
|
0-0: Foul Ball, location: 2F 0-1: Ball 1-1: Swinging Strike 1-2: Foul Ball, location: 2F 1-2: Ball 2-2: Ball 3-2: Strikes out swinging
|
|
Batting: SHB Chris Rodgers
|
0-0: Ball 1-0: Ball 2-0: Foul Ball, location: 2F 2-1: Called Strike 2-2: Foul Ball, location: 2F 2-2: Ball 3-2: DOUBLE (Flyball, 9D, EV 101.2 MPH)
|
|
Pitching: RHP Matt Schnurer
|
|
|
Batting: RHB Roy Evenden
|
0-0: Ball 1-0: Foul Ball, location: 2F 1-1: SINGLE (Groundball, 6MD, EV 100.6 MPH) (infield hit) Chris Rodgers to third
|
|
Batting: RHB Tatsuyoshi Ikeda
|
0-0: Ball Roy Evenden is caught stealing 2nd base 2-4 1-0: Called Strike 1-1: Ground out 5-3 (Groundball, 56S, EV 83.8 MPH)
|
| Top of the 5th over - 0 runs, 2 hits, 0 errors, 1 left on base; University of Minnesota 2 - Coastal Carolina University 5 |
| BOTTOM OF THE 5TH |
|
Coastal Carolina University Chanticleers batting - Pitching for University of Minnesota Golden Gophers : RHP Danny Colon
|
|
Batting: RHB Isaac Washington
|
0-0: Fly out, F8 (Line Drive, 89S, EV 88.8 MPH)
|
|
Batting: RHB Alex Montiel
|
0-0: Ball 1-0: Swinging Strike 1-1: Foul Ball, location: 2F 1-2: SINGLE (Groundball, 34D, EV 95.6 MPH)
|
|
Pitching: RHP Neel de Graaf
|
|
|
Batting: RHB Johnnie Cowan
|
0-0: Ball Alex Montiel is caught stealing 2nd base 2-4 1-0: Ground out 6-3 (Groundball, 6, EV 81.9 MPH)
|
| Bottom of the 5th over - 0 runs, 1 hit, 0 errors, 0 left on base; University of Minnesota 2 - Coastal Carolina University 5 |
| TOP OF THE 6TH |
|
University of Minnesota Golden Gophers batting - Pitching for Coastal Carolina University Chanticleers : RHP Matt Schnurer
|
|
Batting: RHB Jose Garrido
|
0-0: Ball 1-0: Ball 2-0: Foul Ball, location: 2F 2-1: Ball 3-1: Foul Ball, location: 2F 3-2: Foul Ball, location: 2F 3-2: Ground out 4-3 (Groundball, 34, EV 108.1 MPH)
|
|
Batting: LHB Bobby Agterberg
|
0-0: Fly out, F2 (Popup, 2RF, EV 93.1 MPH)
|
|
Batting: RHB Jason Mooris
|
0-0: Ball 1-0: Fly out, F9 (Flyball, 9LM, EV 96.2 MPH)
|
| Top of the 6th over - 0 runs, 0 hits, 0 errors, 0 left on base; University of Minnesota 2 - Coastal Carolina University 5 |
| BOTTOM OF THE 6TH |
|
Coastal Carolina University Chanticleers batting - Pitching for University of Minnesota Golden Gophers : RHP Neel de Graaf
|
|
Batting: RHB Oscar Hernandez
|
0-0: Ball 1-0: Ball 2-0: Foul Ball, location: 2F 2-1: Called Strike 2-2: Ball 3-2: Foul Ball, location: 2F 3-2: SINGLE (Line Drive, 4M, EV 98.1 MPH)
|
|
Batting: LHB Justin Sanders
|
0-0: Swinging Strike 0-1: Ball 1-1: Swinging Strike 1-2: Strikes out looking
|
|
Batting: RHB Chris McDaniel
|
0-0: Ball Oscar Hernandez steals 2nd base 1-0: Ball Wild Pitch! Oscar Hernandez to third 2-0: Ball 3-0: Base on Balls
|
|
Batting: SHB Iher Waithaka
|
0-0: Fly out, F9 (Flyball, 9, EV 91.2 MPH)
|
|
Batting: RHB Dennis Bennett
|
0-0: Called Strike 0-1: Ball 1-1: Fielders Choice at 2nd, 6-4 (Groundball, 6, EV 83.1 MPH)
|
| Bottom of the 6th over - 0 runs, 1 hit, 0 errors, 2 left on base; University of Minnesota 2 - Coastal Carolina University 5 |
| TOP OF THE 7TH |
|
University of Minnesota Golden Gophers batting - Pitching for Coastal Carolina University Chanticleers : RHP Matt Schnurer
|
|
Batting: LHB Jose Moncada
|
0-0: Fly out, F8 (Flyball, 89D, EV 105.0 MPH)
|
|
Batting: RHB Ron Gooch
|
0-0: Ball 1-0: Swinging Strike 1-1: Foul Ball, location: 2F 1-2: SINGLE (Flyball, 3D, EV 88.1 MPH)
|
|
Batting: LHB Phil Bonner
|
0-0: Called Strike 0-1: Fly out, F8 (Line Drive, 8LM, EV 93.8 MPH)
|
|
Batting: SHB Chris Rodgers
|
0-0: Ball 1-0: Foul Ball, location: 2F 1-1: Foul Ball, location: 2F 1-2: Ball 2-2: Ball 3-2: Ground out 4-3 (Groundball, 34, EV 102.5 MPH)
|
| Top of the 7th over - 0 runs, 1 hit, 0 errors, 1 left on base; University of Minnesota 2 - Coastal Carolina University 5 |
| BOTTOM OF THE 7TH |
|
Coastal Carolina University Chanticleers batting - Pitching for University of Minnesota Golden Gophers : RHP Neel de Graaf
|
|
Batting: RHB Mark Tart
|
0-0: Called Strike 0-1: Foul Ball, location: 2F 0-2: Ball 1-2: Foul Ball, location: 2F 1-2: Ground out 6-3 (Groundball, 6, EV 90.6 MPH)
|
|
Batting: RHB Isaac Washington
|
0-0: Fly out, F8 (Flyball, 8RXD, EV 101.9 MPH)
|
|
Batting: RHB Alex Montiel
|
0-0: Foul Ball, location: 2F 0-1: Foul Ball, location: 2F 0-2: Fly out, F7 (Flyball, 7, EV 87.5 MPH)
|
| Bottom of the 7th over - 0 runs, 0 hits, 0 errors, 0 left on base; University of Minnesota 2 - Coastal Carolina University 5 |
| TOP OF THE 8TH |
|
University of Minnesota Golden Gophers batting - Pitching for Coastal Carolina University Chanticleers : RHP Matt Schnurer
|
|
Pitching: RHP Ricky Diaz
|
|
|
Batting: RHB Roy Evenden
|
0-0: Called Strike 0-1: Ball 1-1: Called Strike 1-2: Ball 2-2: Strikes out swinging
|
|
Batting: RHB Tatsuyoshi Ikeda
|
0-0: Fly out, F9 (Flyball, 89S, EV 81.2 MPH)
|
|
Batting: RHB Jose Garrido
|
0-0: Ball 1-0: Foul Ball, location: 2F 1-1: Ground out U3 (Groundball, 34S, EV 71.2 MPH)
|
| Top of the 8th over - 0 runs, 0 hits, 0 errors, 0 left on base; University of Minnesota 2 - Coastal Carolina University 5 |
| BOTTOM OF THE 8TH |
|
Coastal Carolina University Chanticleers batting - Pitching for University of Minnesota Golden Gophers : RHP Neel de Graaf
|
|
Batting: RHB Johnnie Cowan
|
0-0: Ball 1-0: Swinging Strike 1-1: Swinging Strike 1-2: Strikes out looking
|
|
Batting: RHB Oscar Hernandez
|
0-0: Ball 1-0: Swinging Strike 1-1: Ball 2-1: Ball 3-1: Ground out 3-1 (Groundball, 34S, EV 91.9 MPH)
|
|
Batting: LHB Justin Sanders
|
0-0: Ball 1-0: Called Strike 1-1: Foul Ball, location: 2F 1-2: Ball 2-2: Reached on error, E2 (Groundball, 2L, EV 64.4 MPH)
|
|
Batting: RHB Chris McDaniel
|
0-0: Fielders Choice at 2nd, 5-4 (Groundball, 5L, EV 91.2 MPH)
|
| Bottom of the 8th over - 0 runs, 0 hits, 1 error, 1 left on base; University of Minnesota 2 - Coastal Carolina University 5 |
| TOP OF THE 9TH |
|
University of Minnesota Golden Gophers batting - Pitching for Coastal Carolina University Chanticleers : RHP Ricky Diaz
|
|
Pitching: RHP Mitsuaki Fukunaga
|
|
|
Now at 1B: Nate Kokx
|
|
|
Batting: LHB Bobby Agterberg
|
0-0: Foul Ball, location: 2F 0-1: Swinging Strike 0-2: Ball 1-2: Ball 2-2: Strikes out looking
|
|
Batting: RHB Jason Mooris
|
0-0: Foul Ball, location: 2F 0-1: Called Strike 0-2: Strikes out swinging
|
|
Batting: LHB Jose Moncada
|
0-0: Called Strike 0-1: Ball 1-1: Foul Ball, location: 2F 1-2: Ball 2-2: Ball 3-2: Foul Ball, location: 2F 3-2: Strikes out looking
|
| Top of the 9th over - 0 runs, 0 hits, 0 errors, 0 left on base; University of Minnesota 2 - Coastal Carolina University 5 |
|